[Event "Wednesday Apr 25 Engine Tour 9 rd Swiss 12m+1s Starts at 1600hrs"]
[Site "Infinity Chess"]
[Date "2018.4.25"]
[Round "4"]
[White "star99"]
[Black "gmmarolideus"]
[Result "1/2-1/2 "]
[ECO "A46"]
[WhiteElo "2470"]
[BlackElo "2349"]
[WhiteEngine "Cryptic Heroes 9.4B"]
[BlackEngine "asmFishW_2018-04-07_popcnt_CTG"]
[EventType "Swiss"]
[WhiteTeam ""]
[BlackTeam ""]
[PlyCount "242"]
[TimeControl "720+1"]

1. d4 Nf6 2. Nf3 e6 3. c4 d5 4. Nc3 c6 5. e3 Nbd7 6. Qc2 Bd6 7. Bd3 O-O 
8. O-O dxc4 9. Bxc4 b5 10. Bd3 Bb7 11. e4 e5 12. h3 exd4 13. Nxd4 Nc5 
14. Rd1 Qc7 15. Bg5 Bh2+ 16. Kh1 Be5 17. Nf3 Rad8 18. Nxe5 Qxe5 19. f4 Qe6 
20. e5 Nxd3 21. Rxd3 Rxd3 22. Qxd3 Nd5 23. Ne4 h6 24. Nc5 Qc8 25. Bh4 Nxf4 
26. Qg3 Ne6 27. Bf6 g6 28. Qe3 Kh7 29. b3 Nxc5 30. Qxc5 Re8 31. Rd1 a6 
32. Kg1 Qc7 33. Rd6 a5 34. h4 h5 35. g4 Qc8 36. e6 Rxe6 37. Rd8 Rxf6 
38. Rxc8 Bxc8 39. Qe5 Rf3 40. gxh5 Rf5 41. Qe8 Be6 42. hxg6+ Kxg6 43. Qxc6 b4 
44. Qe4 Kg7 45. Qe3 Kh7 46. Qg3 Kh6 47. Kg2 Kh7 48. Qe1 Kh6 49. Kh2 Rd5 
50. Qf2 Kh7 51. Kg1 Kg7 52. Kg2 f6 53. Qg3+ Kf7 54. Kh2 Re5 55. Qd3 Rf5 
56. Kg2 Rh5 57. Kg3 Rf5 58. Qc2 Kg7 59. Qc7+ Bf7 60. Qc2 Rd5 61. Qg2 Rf5 
62. Kh3+ Bg6 63. Qc6 Re5 64. Qb7+ Bf7 65. Qd7 Kg6 66. Kg3 Bd5 67. Qg4+ Kh6 
68. Qf4+ Kg7 69. Kf2 Kf7 70. Qg3 Be6 71. Kf1 Bd5 72. Qd3 Kf8 73. Qg6 Ke7 
74. Qg7+ Bf7 75. Kg2 Re2+ 76. Kg3 Re5 77. Kf2 Rh5 78. Kg3 Re5 79. Kf2 Ke6 
80. Qg3 Bh5 81. Qd3 Kf7 82. Qd2 Rf5+ 83. Kg3 Re5 84. Qd7+ Kf8 85. Qd8+ Kg7 
86. Kf4 Be8 87. Qc7+ Kg6 88. Qc2+ Kh6 89. Kf3 Bf7 90. Qc7 Kg6 91. Qd8 Rd5 
92. Qb6 Re5 93. Qg1+ Kh6 94. Kg3 Kh7 95. Kf2 Rc5 96. Qb1+ Bg6 97. Qd1 Rf5+ 
98. Kg3 Re5 99. Qd7+ Kg8 100. Qd6 Re3+ 101. Kf2 Re5 102. a3 bxa3 103. Qxa3 Kg7 
104. Qa4 Bf7 105. Qg4+ Kh6 106. Kf1 Bg6 107. Qd7 Bh5 108. Qd2+ Kg7 109. Qg2+ Kh6 
110. Qf2 Kg6 111. Qd4 Bf3 112. Qd3+ Be4 113. Qg3+ Kh5 114. Ke1 Bf3+ 115. Kd2 Bg4 
116. Kc3 Rc5+ 117. Kb2 Re5 118. Qf4 Rf5 119. Qg3 Re5 120. b4 axb4 121. Qd3 Kxh4 
1/2-1/2

[Event "Wednesday Apr 25 Engine Tour 9 rd Swiss 12m+1s Starts at 1600hrs"]
[Site "Infinity Chess"]
[Date "2018.4.25"]
[Round "4"]
[White "NINJA_JENGKA"]
[Black "Vimtiroba"]
[Result "1/2-1/2"]
[ECO "D31"]
[WhiteElo "2410"]
[BlackElo "2416"]
[WhiteEngine "Houdini 6_CTG"]
[BlackEngine "AsmFish A24_CTG"]
[EventType "Swiss"]
[WhiteTeam ""]
[BlackTeam ""]
[PlyCount "215"]
[TimeControl "720+1"]

1. d4 d5 2. c4 e6 3. Nc3 c6 4. Nf3 Nf6 5. e3 Nbd7 6. Qc2 Bd6 7. Bd3 O-O 
8. O-O dxc4 9. Bxc4 a6 10. a4 c5 11. Rd1 cxd4 12. exd4 Qc7 13. Qe2 b6 14. d5 Ne5 
15. Nxe5 Bxe5 16. h3 Re8 17. Be3 Bxc3 18. d6 Qc6 19. bxc3 Bb7 20. f3 Nd5 
21. Bxd5 exd5 22. Qd3 Qxd6 23. Rdb1 Bc6 24. Rxb6 Qe6 25. Bd4 a5 26. Qd2 f6 
27. Qf4 Qd7 28. Rc1 Rac8 29. Rcb1 Ra8 30. R1b2 Rec8 31. g4 Qc7 32. Qf5 Re8 
33. Kg2 Re7 34. Qd3 h6 35. h4 Rae8 36. Bf2 Re6 37. h5 Kh8 38. Qd4 Ra8 
39. Bg3 Qf7 40. Qf4 Qd7 41. Bf2 Kg8 42. Bd4 Re7 43. Kg3 Re6 44. Bc5 Re1 
45. Be3 Rd1 46. Kf2 Re8 47. Bd4 Qe6 48. Kg2 Rc8 49. Ra2 Re1 50. Kg3 Ra8 
51. Bf2 Rd1 52. Qe3 Qd7 53. Qc5 Rc8 54. Bd4 Qe8 55. Qd6 Re1 56. Qf4 Ra8 
57. Rab2 Qd7 58. Bf2 Re6 59. Rd2 Qe8 60. Rd4 Kh8 61. Rd1 Bd7 62. Rb7 Bc6 
63. Rbb1 Re2 64. Rb6 Re7 65. Rdb1 Qd7 66. Bc5 Ree8 67. Bg1 Re6 68. R1b2 Kg8 
69. Bf2 Kh8 70. Bc5 Kg8 71. Kg2 Ree8 72. Ra2 Re5 73. Kg3 Ree8 74. Bd4 Rac8 
75. Bf2 Ba8 76. Rc2 Rc6 77. Rxc6 Bxc6 78. Rd2 Qb7 79. c4 dxc4 80. Qxc4+ Kh8 
81. Qc3 Bxa4 82. Qxa5 Qb8+ 83. Kg2 Bb5 84. Rd4 Bc6 85. Qa6 Rc8 86. Qd3 Re8 
87. Rd6 Ba8 88. Bb6 Qc8 89. Kg3 Qb8 90. Kf2 Qb7 91. Qd1 Qe7 92. Rd8 Bc6 
93. Rxe8+ Bxe8 94. Qd5 Qd7 95. Qxd7 Bxd7 96. Ke3 f5 97. Kf4 fxg4 98. fxg4 Bc6 
99. Ke5 Kh7 100. Kf5 Kg8 101. Ke6 Be8 102. Bc7 Bc6 103. Bb6 Be8 104. Ke7 Bf7 
105. g5 hxg5 106. h6 gxh6 107. Kf6 g4 108. Bc5 1/2-1/2

[Event "Wednesday Apr 25 Engine Tour 9 rd Swiss 12m+1s Starts at 1600hrs"]
[Site "Infinity Chess"]
[Date "2018.4.25"]
[Round "4"]
[White "hafaba"]
[Black "localhero"]
[Result "1/2-1/2"]
[ECO "C65"]
[WhiteElo "2435"]
[BlackElo "2423"]
[WhiteEngine "Eman 1.70-beta21 64-bit POPCNT_CTG"]
[BlackEngine "asmFishW_2018-04-11_popcnt"]
[EventType "Swiss"]
[WhiteTeam ""]
[BlackTeam ""]
[PlyCount "115"]
[TimeControl "720+1"]

1. e4 e5 2. Nf3 Nc6 3. Bb5 Nf6 4. O-O Nxe4 5. d4 Nd6 6. Bxc6 dxc6 7. dxe5 Nf5 
8. Qxd8+ Kxd8 9. Nc3 Bd7 10. Rd1 Kc8 11. Ng5 Be8 12. b3 b6 13. Nge4 Be7 
14. Bb2 Bd7 15. Rd3 a5 16. a4 Nh4 17. Ng3 Re8 18. Rad1 Be6 19. Nce2 g5 
20. Nd4 Bd7 21. Ne4 Kb7 22. g3 Ng6 23. e6 Bxe6 24. Nxe6 fxe6 25. Bf6 h6 
26. Rd7 Bxf6 27. Nxf6 Re7 28. Re1 Rxd7 29. Nxd7 e5 30. Nxe5 Re8 31. Nd3 Rxe1+ 
32. Nxe1 c5 33. c4 Ne5 34. Kg2 Kc8 35. f4 gxf4 36. gxf4 Nc6 37. Kg3 Kd7 
38. Kg4 Ke7 39. Kh5 Kf6 40. Kxh6 Nd4 41. h4 Nxb3 42. Ng2 Nd4 43. Kh7 Kf7 
44. Ne3 Ne2 45. Kh6 Nxf4 46. Kg5 Ne6+ 47. Kf5 Nd4+ 48. Ke5 c6 49. Kd6 Kg7 
50. Nd1 Kf6 51. Nc3 Kg6 52. Kc7 b5 53. axb5 cxb5 54. cxb5 Nxb5+ 55. Nxb5 Kh6 
56. Kb6 a4 57. Kxc5 Kg6 58. Kb4 1/2-1/2

[Event "Wednesday Apr 25 Engine Tour 9 rd Swiss 12m+1s Starts at 1600hrs"]
[Site "Infinity Chess"]
[Date "2018.4.25"]
[Round "4"]
[White "CrapCleaner"]
[Black "MarioDeMonti"]
[Result "1/2-1/2"]
[ECO "C50"]
[WhiteElo "2438"]
[BlackElo "2449"]
[WhiteEngine "Houdini 6.03 Standard_CTG"]
[BlackEngine "stockfish_x64_bmi2_2018_02_18_CTG"]
[EventType "Swiss"]
[WhiteTeam ""]
[BlackTeam ""]
[PlyCount "90"]
[TimeControl "720+1"]

1. e4 e5 2. Nf3 Nc6 3. Bc4 Bc5 4. d3 Nf6 5. c3 d6 6. h3 a6 7. a4 O-O 8. O-O a5 
9. Re1 h6 10. Nbd2 Be6 11. Rb1 Re8 12. b3 d5 13. Bb5 dxe4 14. dxe4 Nd7 
15. Bc4 Nf8 16. Qe2 Qf6 17. Nf1 Qg6 18. Nh4 Qf6 19. Nf3 Ng6 20. Bxe6 Qxe6 
21. Be3 Nf4 22. Qb5 Bxe3 23. Nxe3 Qg6 24. Kh2 Qxe4 25. Rbd1 Na7 26. Qxa5 b6 
27. Qa6 Qc6 28. Nf5 Qxc3 29. Qb7 Qc6 30. Qxc6 Nxc6 31. Rc1 Ne7 32. Nxe7+ Rxe7 
33. Nxe5 Kf8 34. Nc6 Rxe1 35. Rxe1 Ne6 36. Kg3 Nd8 37. Rc1 Nxc6 38. Rxc6 Rd8 
39. Rxc7 Rd3+ 40. Kf4 Rxb3 41. Ke5 Rb2 42. Rc8+ Ke7 43. Rc7+ Kf8 44. Rc8+ Ke7 
45. Rc7+ Kf8 1/2-1/2

[Event "Wednesday Apr 25 Engine Tour 9 rd Swiss 12m+1s Starts at 1600hrs"]
[Site "Infinity Chess"]
[Date "2018.4.25"]
[Round "4"]
[White "Time_bandit"]
[Black "ocirema"]
[Result "1/2-1/2"]
[ECO "B90"]
[WhiteElo "2466"]
[BlackElo "2441"]
[WhiteEngine "asmFishW_2018-04-11_bmi2"]
[BlackEngine "asmFishW_2018-04-24_popcnt"]
[EventType "Swiss"]
[WhiteTeam ""]
[BlackTeam ""]
[PlyCount "165"]
[TimeControl "720+1"]

1. e4 c5 2. Nf3 d6 3. d4 cxd4 4. Nxd4 Nf6 5. Nc3 a6 6. Be3 e5 7. Nb3 Be6 
8. f3 h5 9. Qd2 Nbd7 10. Nd5 Nxd5 11. exd5 Bf5 12. Na5 Qc7 13. Rc1 Be7 
14. Bd3 Bxd3 15. cxd3 Qb8 16. d4 Bh4+ 17. g3 Bf6 18. dxe5 Nxe5 19. O-O O-O 
20. Kg2 Re8 21. b3 Re7 22. f4 Ng4 23. Bg1 Nh6 24. h3 Qf8 25. Rfe1 Rae8 
26. Bf2 Rxe1 27. Rxe1 Rxe1 28. Qxe1 Qc8 29. Nc4 Qd7 30. Qb4 h4 31. gxh4 Nf5 
32. Qe1 g6 33. h5 gxh5 34. Nb6 Qb5 35. Qe4 Bh4 36. Bxh4 Nxh4+ 37. Kg3 Ng6 
38. Nc4 Qc5 39. Kf3 Kf8 40. f5 Ne7 41. Ne3 Qc3 42. Qf4 Ke8 43. Qc4 Qe5 
44. Qf4 Qf6 45. Qa4+ Kf8 46. Qf4 b5 47. Ke4 Ke8 48. a4 Kd7 49. axb5 axb5 
50. Kd3 Qb2 51. Qb4 Qb1+ 52. Kd4 Nxf5+ 53. Nxf5 Qxf5 54. Qxb5+ Ke7 55. Qe2+ Kd8 
56. Qe3 Kd7 57. b4 Qc2 58. h4 Qb1 59. Qc3 Kd8 60. Qc4 Qg1+ 61. Kc3 Qa1+ 
62. Kd2 Qb1 63. b5 Qb2+ 64. Ke3 Qe5+ 65. Kd2 Qb2+ 66. Kd3 Qg2 67. Qc6 Qg3+ 
68. Kc2 Qa3 69. b6 Qa2+ 70. Kd3 Qb1+ 71. Kd2 Qa2+ 72. Kc1 Qa1+ 73. Kd2 Qb2+ 
74. Kd3 Qa3+ 75. Kc2 Qa2+ 76. Kd3 Qa6+ 77. Kd2 Qa2+ 78. Kc1 Qa3+ 79. Kb1 Qd3+ 
80. Ka1 Qa3+ 81. Kb1 Qb3+ 82. Ka1 Qa3+ 83. Kb1 1/2-1/2

[Event "Wednesday Apr 25 Engine Tour 9 rd Swiss 12m+1s Starts at 1600hrs"]
[Site "Infinity Chess"]
[Date "2018.4.25"]
[Round "4"]
[White "THE_MACHINE"]
[Black "Thinker"]
[Result "1/2-1/2"]
[ECO "C50"]
[WhiteElo "2533"]
[BlackElo "2465"]
[WhiteEngine "BrainFish_180423_x64_bmi2"]
[BlackEngine "BrainFish_180418_x64_modern_CTG"]
[EventType "Swiss"]
[WhiteTeam ""]
[BlackTeam ""]
[PlyCount "155"]
[TimeControl "720+1"]

1. e4 e5 2. Nf3 Nc6 3. Bc4 Bc5 4. O-O Nf6 5. d3 d6 6. c3 O-O 7. h3 a6 8. Re1 Ba7 
9. a4 h6 10. Nbd2 Re8 11. b4 Be6 12. Bxe6 Rxe6 13. Qc2 Qd7 14. Rb1 Ree8 
15. Nf1 b5 16. Bd2 d5 17. Ng3 Rad8 18. Rbc1 Qe6 19. a5 Kh8 20. Be3 Bxe3 
21. Rxe3 g6 22. Ree1 Kg7 23. Nd2 Qd7 24. Nb3 dxe4 25. Nxe4 Nd5 26. Nec5 Qc8 
27. f3 g5 28. Rcd1 Nf4 29. Kh2 Rd5 30. Re4 Red8 31. d4 exd4 32. Nxd4 R8d6 
33. Ree1 Nxd4 34. Rxd4 Rxd4 35. cxd4 Qa8 36. Re7 Qd8 37. Re4 Qf6 38. Qc3 Qf5 
39. Re5 Qb1 40. Qd2 Qa1 41. Re1 Qa3 42. Ne4 Rd5 43. Re3 Qa1 44. Nc3 Rd8 
45. d5 Qf1 46. h4 Kf8 47. hxg5 hxg5 48. Ne4 Rxd5 49. Qb2 Rd4 50. Nxg5 Qc4 
51. Nh7+ Kg7 52. Re4 Ne2 53. Qxe2 Kxh7 54. Qxc4 Rxc4 55. Kg3 Rc3 56. Re8 Rc4 
57. Re7 Kg7 58. Re4 c5 59. bxc5 Rxc5 60. Rd4 Kf6 61. Rd6+ Ke5 62. Rxa6 Kd4 
63. f4 b4 64. Ra7 b3 65. Rb7 Kc3 66. a6 f6 67. Rb8 Ra5 68. Rb6 f5 69. Kh3 b2 
70. Rc6+ Kd2 71. Rd6+ Ke3 72. Re6+ Kxf4 73. Rb6 b1=Q 74. g3+ Kf3 75. Rxb1 Rxa6 
76. Rb3+ Ke2 77. Rb2+ Ke3 78. Rb1 1/2-1/2

[Event "Wednesday Apr 25 Engine Tour 9 rd Swiss 12m+1s Starts at 1600hrs"]
[Site "Infinity Chess"]
[Date "2018.4.25"]
[Round "4"]
[White "Marsell"]
[Black "angriff"]
[Result "1/2-1/2"]
[ECO "C53"]
[WhiteElo "2475"]
[BlackElo "2414"]
[WhiteEngine "BrainFish_180418_x64_bmi2"]
[BlackEngine "DracoREX 3.07 64BIT POPCNT_CTG"]
[EventType "Swiss"]
[WhiteTeam ""]
[BlackTeam ""]
[PlyCount "114"]
[TimeControl "720+1"]

1. e4 e5 2. Nf3 Nc6 3. Bc4 Bc5 4. c3 Nf6 5. d3 d6 6. O-O O-O 7. h3 a5 8. Nbd2 h6 
9. Re1 Be6 10. b3 Bb6 11. a4 d5 12. Bb5 Ne7 13. exd5 Nfxd5 14. Qc2 c6 
15. Bc4 Ng6 16. d4 Ndf4 17. dxe5 Nh4 18. Bf1 Bd5 19. Re4 Nfg6 20. Bc4 Re8 
21. g3 Nxf3+ 22. Nxf3 Qd7 23. Bxd5 cxd5 24. e6 Rxe6 25. Rxe6 Qxe6 26. Kg2 Rd8 
27. Ra2 Qe4 28. Qxe4 dxe4 29. Nd2 Rd3 30. Nxe4 f5 31. Nd2 Rxc3 32. Nc4 Rxc1 
33. Nxb6 Rb1 34. Nc4 Rxb3 35. Nxa5 Rb4 36. Ra3 f4 37. Rb3 Rxa4 38. Nxb7 fxg3 
39. fxg3 Ra2+ 40. Kf3 Ne5+ 41. Kf4 Nd7 42. Nd6 Rd2 43. Nf5 Nc5 44. Rb5 Rf2+ 
45. Ke5 Nd7+ 46. Kd4 Rf3 47. Ke4 Ra3 48. Kf4 Kf7 49. Rb7 g5+ 50. Kg4 Ke6 
51. Nd4+ Kf6 52. Rxd7 h5+ 53. Kxh5 Rxg3 54. h4 gxh4 55. Nc2 h3 56. Rd6+ Kf5 
57. Rd2 Kf4 1/2-1/2

[Event "Wednesday Apr 25 Engine Tour 9 rd Swiss 12m+1s Starts at 1600hrs"]
[Site "Infinity Chess"]
[Date "2018.4.25"]
[Round "4"]
[White "Murx"]
[Black "Seliga"]
[Result "1/2-1/2"]
[ECO "C77"]
[WhiteElo "2533"]
[BlackElo "2477"]
[WhiteEngine "asmFishW_2018-04-07_popcnt"]
[BlackEngine "AsmFish A10_CTG"]
[EventType "Swiss"]
[WhiteTeam ""]
[BlackTeam ""]
[PlyCount "102"]
[TimeControl "720+1"]

1. e4 e5 2. Nf3 Nc6 3. Bb5 a6 4. Ba4 Nf6 5. d3 b5 6. Bb3 Be7 7. O-O O-O 
8. Re1 d6 9. a3 Na5 10. Ba2 c5 11. Nc3 Be6 12. Nd5 Nxd5 13. Bxd5 Bxd5 
14. exd5 Nb7 15. b3 Qd7 16. c4 f5 17. Bg5 Bxg5 18. Nxg5 Nd8 19. f4 h6 
20. Nf3 exf4 21. Qd2 Nf7 22. h4 a5 23. Qxf4 a4 24. Rab1 Rfe8 25. Rxe8+ Rxe8 
26. cxb5 Qxb5 27. Qxa4 Qxa4 28. bxa4 Ra8 29. h5 Rxa4 30. d4 cxd4 31. Rb4 Ra5 
32. Nxd4 Rxd5 33. a4 Ne5 34. Nxf5 Nf3+ 35. gxf3 Rxf5 36. Rb8+ Kf7 37. Rb7+ Kf6 
38. Rd7 d5 39. a5 Rxh5 40. a6 d4 41. Rxd4 Ra5 42. Rd6+ Kf7 43. Rd7+ Kg6 
44. a7 Ra2 45. f4 Ra5 46. Kf2 h5 47. Kf3 Ra4 48. f5+ Kxf5 49. a8=Q Rxa8 
50. Rxg7 Ra4 51. Rb7 Kg5 1/2-1/2

[Event "Wednesday Apr 25 Engine Tour 9 rd Swiss 12m+1s Starts at 1600hrs"]
[Site "Infinity Chess"]
[Date "2018.4.25"]
[Round "3"]
[White "NINJA_JENGKA"]
[Black "star99"]
[Result "1/2-1/2"]
[ECO "A46"]
[WhiteElo "2407"]
[BlackElo "2473"]
[WhiteEngine "Houdini 6_CTG"]
[BlackEngine "Cryptic Heroes 9.4B"]
[EventType "Swiss"]
[WhiteTeam ""]
[BlackTeam ""]
[PlyCount "202"]
[TimeControl "720+1"]

1. d4 Nf6 2. Nf3 d5 3. c4 e6 4. Nc3 Bb4 5. e3 O-O 6. Qc2 b6 7. Be2 dxc4 
8. a3 Bxc3+ 9. Qxc3 Ba6 10. O-O Qc8 11. Rd1 c5 12. dxc5 Qxc5 13. Bd2 Qf5 
14. Nh4 Qb5 15. a4 Qc5 16. Nf3 Ne4 17. Qc2 Nxd2 18. Nxd2 Nc6 19. Bxc4 Rfd8 
20. Rac1 Bb7 21. Be2 Qe7 22. Nf3 g6 23. h4 Kg7 24. Qc3+ f6 25. Nd4 Nxd4 
26. exd4 Rac8 27. Qe3 Qd6 28. Rc3 h5 29. Bb5 e5 30. Rxc8 Bxc8 31. d5 Bb7 
32. b3 Qe7 33. Bc4 Rd7 34. Qd2 Qd6 35. Rc1 Rc7 36. a5 Rc8 37. axb6 axb6 
38. b4 Rg8 39. Bb3 Rc8 40. Rxc8 Bxc8 41. g3 Bd7 42. Qc3 Kf7 43. Bc4 Kf8 
44. Qc1 Kg7 45. Bb3 Bg4 46. Qc4 Bf5 47. Kf1 Bg4 48. Ke1 Bd7 49. Kd1 Kf8 
50. Kd2 Ke7 51. Kc3 f5 52. Qe2 Kd8 53. Qe3 Kc8 54. Bc4 Qf6 55. Qd2 Kd8 
56. Bb3 Qd6 57. Qd3 Ke7 58. Bc4 Kd8 59. Ba6 Ke7 60. Qc4 Qb8 61. Kc2 Qa8 
62. Kb2 Qb8 63. Qc3 Kf7 64. Bd3 Qd6 65. Bc2 Kf6 66. Bb3 Ke7 67. Kc2 Bb5 
68. Bc4 Ba4+ 69. Kd2 Bd7 70. Bb3 Bb5 71. Bc4 Bd7 72. Ke2 Kf7 73. Bb3 Bb5+ 
74. Kf3 Kf8 75. Kg2 Ke7 76. f3 Kd8 77. Kf2 Ke7 78. Bc4 Bd7 79. Kg2 Kd8 
80. Ba2 Qe7 81. Qd2 Qd6 82. Qg5+ Kc7 83. Qe3 Kb7 84. Qd2 Bb5 85. Bb3 e4 
86. fxe4 fxe4 87. Qd4 Bd3 88. Qg7+ Ka6 89. Qa1+ Kb7 90. Qc3 Qd7 91. Qf6 Qg4 
92. Qf7+ Ka6 93. Qf4 Qxf4 94. gxf4 e3 95. d6 Kb7 96. Bd5+ Kc8 97. Kf3 e2 
98. Be6+ Kb7 99. Bd5+ Kc8 100. Be6+ Kb7 101. Bd5+ Kc8 1/2-1/2

[Event "Wednesday Apr 25 Engine Tour 9 rd Swiss 12m+1s Starts at 1600hrs"]
[Site "Infinity Chess"]
[Date "2018.4.25"]
[Round "3"]
[White "gmmarolideus"]
[Black "localhero"]
[Result "1/2-1/2"]
[ECO "C58"]
[WhiteElo "2324"]
[BlackElo "2427"]
[WhiteEngine "asmFishW_2018-04-07_popcnt_CTG"]
[BlackEngine "asmFishW_2018-04-11_popcnt"]
[EventType "Swiss"]
[WhiteTeam ""]
[BlackTeam ""]
[PlyCount "214"]
[TimeControl "720+1"]

1. e4 e5 2. Nf3 Nc6 3. Bc4 Nf6 4. Ng5 d5 5. exd5 Na5 6. Bb5+ c6 7. dxc6 bxc6 
8. Qf3 Be7 9. Bd3 O-O 10. Nc3 h6 11. Nge4 Nd5 12. Ng3 Nb4 13. Nf5 Bg5 
14. h4 Nxd3+ 15. cxd3 Be7 16. b3 Bxf5 17. Qxf5 c5 18. Bb2 Nc6 19. Kf1 Nd4 
20. Qe4 Re8 21. Rh3 Bf8 22. Re1 Qa5 23. Kg1 Rad8 24. Rc1 Qa6 25. Na4 f5 
26. Qe1 e4 27. Qd1 exd3 28. Bxd4 cxd4 29. Qf3 Ba3 30. Rf1 Qa5 31. Qxd3 Kh8 
32. f4 Qd5 33. Kh2 Re4 34. Rhf3 Qc6 35. g3 Rc8 36. Kh3 Rce8 37. R3f2 R8e7 
38. Rg2 Rc7 39. Rgg1 Kh7 40. Rg2 Rc8 41. Kh2 a6 42. Rfg1 Qb5 43. Qb1 Rce8 
44. Qf1 R8e7 45. Qd1 R4e6 46. Qf1 Rc6 47. Qb1 Re4 48. Rf2 Rce6 49. Rfg2 Rc6 
50. Rf2 Rce6 51. Qf1 Re7 52. Kh3 Re8 53. Qd1 R4e6 54. Kh2 Rc6 55. Rfg2 Re7 
56. Qb1 Rce6 57. Qf1 Re4 58. Qd1 Re8 59. Kh3 R8e6 60. Rf2 Rc6 61. Qb1 Rc7 
62. Rgf1 Rce7 63. Kg2 Qb7 64. Kh3 Qb5 65. Kg2 Qb7 66. Kg1 Qc6 67. Qd3 Qb5 
68. Rf3 Rc7 69. Kg2 Rc6 70. R1f2 Kg8 71. Rf1 Kf7 72. Kh3 Ke6 73. Kg2 Kf7 
74. Kf2 Rc8 75. Kg1 Kg6 76. Kg2 Kf6 77. R1f2 Kg6 78. Rf1 Kf6 79. Kf2 Kf7 
80. Kg1 Rc6 81. Kg2 Kg6 82. R1f2 Kh5 83. Kh3 Rc1 84. Qxb5 axb5 85. Nb6 Rh1+ 
86. Kg2 Ra1 87. Rd3 Kg4 88. Nd7 Bd6 89. Ne5+ Bxe5 90. fxe5 Rxa2 91. e6 g6 
92. e7 Ra8 93. Rdf3 Rxe7 94. Rf4+ Kh5 95. Rxd4 Rae8 96. d3 Re1 97. Kf3 R1e3+ 
98. Kg2 b4 99. Rf3 Re2+ 100. Rf2 R8e3 101. Rxe2 Rxe2+ 102. Kf3 Rd2 103. Ke3 Rg2 
104. Kf3 Rd2 105. Kf4 Rf2+ 106. Ke3 Rg2 107. Kf3 Rd2 1/2-1/2

[Event "Wednesday Apr 25 Engine Tour 9 rd Swiss 12m+1s Starts at 1600hrs"]
[Site "Infinity Chess"]
[Date "2018.4.25"]
[Round "3"]
[White "Vimtiroba"]
[Black "CrapCleaner"]
[Result "1/2-1/2"]
[ECO "A20"]
[WhiteElo "2415"]
[BlackElo "2439"]
[WhiteEngine "AsmFish A24_CTG"]
[BlackEngine "Houdini 6.03 Standard_CTG"]
[EventType "Swiss"]
[WhiteTeam ""]
[BlackTeam ""]
[PlyCount "136"]
[TimeControl "720+1"]

1. c4 e5 2. Nf3 e4 3. Nd4 Nc6 4. e3 Nxd4 5. exd4 Nf6 6. Nc3 c6 7. d5 b6 
8. Be2 cxd5 9. cxd5 Bb7 10. O-O Nxd5 11. Nxe4 Be7 12. Bf3 O-O 13. Nc3 Nxc3 
14. dxc3 Bc6 15. Re1 Re8 16. Be3 Bg5 17. Bxc6 dxc6 18. Qxd8 Bxd8 19. a4 Bc7 
20. Kf1 f6 21. g3 Kf7 22. b4 Rad8 23. a5 bxa5 24. bxa5 a6 25. Reb1 Rd5 
26. c4 Rxa5 27. Rxa5 Bxa5 28. Ra1 Bb4 29. Rxa6 Re6 30. Ra7+ Re7 31. Ra4 Bc3 
32. Ra6 Re6 33. Ra7+ Re7 34. Ra3 Bb4 35. Ra4 Bc3 36. Ra8 Re8 37. Ra3 Bb4 
38. Ra4 Bf8 39. h3 h5 40. Ra7+ Re7 41. Ra6 Re6 42. h4 Be7 43. Kg2 g5 
44. hxg5 fxg5 45. Ra7 Kg6 46. Ra6 Kf7 47. c5 Kg6 48. Ra8 Re5 49. Ra6 Re6 
50. Ra8 Re5 51. Rc8 Re6 52. Rh8 Bf6 53. Rc8 Kf5 54. Rf8 Ke4 55. Rf7 g4 
56. Kf1 Kd5 57. Rh7 Re5 58. Rd7+ Kc4 59. Rd6 Bg5 60. Bxg5 Rxg5 61. Rxc6 Rxc5 
62. Rxc5+ Kxc5 63. Ke2 Kd4 64. f3 gxf3+ 65. Kxf3 Ke5 66. Kg2 Kf6 67. g4 h4 
68. g5+ Kxg5 1/2-1/2

[Event "Wednesday Apr 25 Engine Tour 9 rd Swiss 12m+1s Starts at 1600hrs"]
[Site "Infinity Chess"]
[Date "2018.4.25"]
[Round "3"]
[White "ocirema"]
[Black "hafaba"]
[Result "1/2-1/2"]
[ECO "D35"]
[WhiteElo "2441"]
[BlackElo "2435"]
[WhiteEngine "asmFishW_2018-04-24_popcnt"]
[BlackEngine "Eman 1.70-beta21 64-bit POPCNT_CTG"]
[EventType "Swiss"]
[WhiteTeam ""]
[BlackTeam ""]
[PlyCount "144"]
[TimeControl "720+1"]

1. d4 d5 2. c4 e6 3. Nc3 Nf6 4. cxd5 exd5 5. Bg5 c6 6. e3 Be7 7. Bd3 O-O 
8. Qc2 Nbd7 9. Nf3 Re8 10. a3 Nf8 11. O-O a5 12. Rae1 Ne4 13. Bxe7 Qxe7 
14. Na4 Qd8 15. Bxe4 Rxe4 16. Ne5 f6 17. f3 Rh4 18. Nd3 Bf5 19. Qb3 Bxd3 
20. Qxd3 Rh5 21. g3 Ne6 22. Kg2 f5 23. Nc3 Qb6 24. Rb1 Qb3 25. Qd1 Qxd1 
26. Rfxd1 Rh6 27. h4 a4 28. Kf2 Nd8 29. e4 fxe4 30. fxe4 dxe4 31. Nxe4 Nf7 
32. d5 Nd6 33. Nxd6 Rxd6 34. dxc6 Rxc6 35. Kg2 Rb6 36. Kh3 h5 37. Rd5 g6 
38. Rd2 Kh7 39. Rf1 Kh6 40. Rd7 Rh8 41. Rf4 Rxb2 42. Rxa4 Rh7 43. Rxh7+ Kxh7 
44. Rf4 Kh6 45. a4 Kg7 46. g4 Rb3+ 47. Kh2 hxg4 48. Rxg4 Kh6 49. Kg2 Rb2+ 
50. Kf3 Rb3+ 51. Kf4 Rb4+ 52. Kf3 Rb3+ 53. Ke2 Rb6 54. Kf3 Kh5 55. Rg5+ Kxh4 
56. Rg4+ Kh5 57. Rd4 g5 58. Kg3 Rb3+ 59. Kf2 Rb2+ 60. Kg3 b6 61. Rd7 Rb3+ 
62. Kg2 Kh4 63. Rd2 Rg3+ 64. Kh2 Ra3 65. Rd4+ g4 66. Rd2 Rb3 67. Kg2 Rb4 
68. Ra2 Rc4 69. a5 bxa5 70. Rxa5 Rd4 71. Ra3 Rd2+ 72. Kg1 Rd6 1/2-1/2

[Event "Wednesday Apr 25 Engine Tour 9 rd Swiss 12m+1s Starts at 1600hrs"]
[Site "Infinity Chess"]
[Date "2018.4.25"]
[Round "3"]
[White "MarioDeMonti"]
[Black "Time_bandit"]
[Result "1/2-1/2"]
[ECO "C55"]
[WhiteElo "2448"]
[BlackElo "2467"]
[WhiteEngine "stockfish_x64_bmi2_2018_02_18_CTG"]
[BlackEngine "asmFishW_2018-04-11_bmi2"]
[EventType "Swiss"]
[WhiteTeam ""]
[BlackTeam ""]
[PlyCount "144"]
[TimeControl "720+1"]

1. e4 e5 2. Nf3 Nc6 3. Bc4 Nf6 4. d3 Bc5 5. c3 d6 6. O-O a5 7. Re1 O-O 8. h3 h6 
9. Nbd2 Be6 10. a4 Bb6 11. Bxe6 fxe6 12. Nc4 Bc5 13. Be3 Bxe3 14. Rxe3 Qd7 
15. Rc1 Rf7 16. d4 exd4 17. cxd4 Raf8 18. Qb3 b6 19. Qb5 Nb4 20. Na3 Na2 
21. Rd1 Nb4 22. Qxd7 Rxd7 23. Nb5 Nh5 24. e5 Nf4 25. h4 d5 26. g3 Ng6 27. Rc3 c6 
28. Nd6 Ne7 29. h5 Nc8 30. Kg2 Rfd8 31. Nxc8 Rxc8 32. Ng1 Kf7 33. Ne2 c5 
34. f4 Rdc7 35. Rb3 Rb8 36. Kf3 Ke7 37. Nc3 cxd4 38. Nb5 Rc4 39. Nxd4 Rbc8 
40. Ke3 R8c5 41. g4 Rc7 42. Kf3 Rc8 43. Kg3 Nc6 44. Nb5 Rf8 45. Rf3 Rxa4 
46. Rc1 Kd7 47. f5 Rb4 48. fxe6+ Ke7 49. Rxf8 Kxf8 50. Rxc6 Rxb5 51. Rc7 d4 
52. Rf7+ Ke8 53. Rxg7 Rxe5 54. Rd7 Rxe6 55. Rxd4 Ke7 56. Kf4 Rf6+ 57. Ke3 Re6+ 
58. Kf4 Rf6+ 59. Ke3 Re6+ 60. Kd2 Kf6 61. Kd3 Kg5 62. Kc3 Rc6+ 63. Kd3 Rc1 
64. Re4 Rd1+ 65. Kc2 Rg1 66. Re6 Rxg4 67. Rxb6 a4 68. Rb5+ Kh4 69. Kc3 Rg3+ 
70. Kc2 Rg5 71. Rb4+ Kxh5 72. Rxa4 Rg1 1/2-1/2

[Event "Wednesday Apr 25 Engine Tour 9 rd Swiss 12m+1s Starts at 1600hrs"]
[Site "Infinity Chess"]
[Date "2018.4.25"]
[Round "3"]
[White "angriff"]
[Black "THE_MACHINE"]
[Result "1/2-1/2"]
[ECO "D30"]
[WhiteElo "2409"]
[BlackElo "2538"]
[WhiteEngine "DracoREX 3.07 64BIT POPCNT_CTG"]
[BlackEngine "BrainFish_180423_x64_bmi2"]
[EventType "Swiss"]
[WhiteTeam ""]
[BlackTeam ""]
[PlyCount "155"]
[TimeControl "720+1"]

1. d4 d5 2. c4 e6 3. Nf3 Nf6 4. Nc3 c6 5. Bg5 h6 6. Bxf6 Qxf6 7. e3 Nd7 
8. Be2 Qd8 9. Qc2 Be7 10. Rc1 a6 11. O-O O-O 12. a3 b6 13. Rfd1 Bb7 14. e4 Re8 
15. e5 dxc4 16. Bxc4 Qb8 17. Qe2 b5 18. Ba2 c5 19. d5 exd5 20. e6 Bd6 
21. exf7+ Kxf7 22. Qc2 c4 23. Nxd5 Kg8 24. b3 Bxa3 25. Ra1 Bc5 26. bxc4 b4 
27. Qf5 Nf8 28. Re1 Qc8 29. Qh5 a5 30. Ne5 Re6 31. Nd3 Qe8 32. Qf5 Bd4 
33. Rac1 Qg6 34. Rxe6 Qxf5 35. Ne7+ Kh7 36. Nxf5 Nxe6 37. c5 g6 38. c6 Ba6 
39. Bxe6 gxf5 40. Bxf5+ Kg7 41. Nc5 Bxc5 42. Rxc5 b3 43. Rxa5 b2 44. c7 Bd3 
45. Bxd3 Rxa5 46. c8=Q Ra1+ 47. Bf1 b1=Q 48. Qc7+ Kf6 49. Qc4 Kf5 50. g3 Ke5 
51. h4 Kf6 52. Kg2 Qd1 53. Qc3+ Ke7 54. Qc7+ Kf6 55. Qc6+ Ke7 56. Qb5 h5 
57. Qb7+ Kd6 58. Qb8+ Kd7 59. Bb5+ Ke7 60. Qe5+ Kd8 61. Qg5+ Kc7 62. Qc5+ Kd8 
63. Qb6+ Kc8 64. Ba6+ Kd7 65. Qb5+ Kd6 66. Qb8+ Kc5 67. Qc8+ Kb4 68. Qc4+ Ka3 
69. Qd3+ Kb4 70. Qxd1 Rxd1 71. Be2 Rd5 72. f4 Kc5 73. g4 Rd2 74. Kf1 hxg4 
75. Bxg4 Rd6 76. Kg2 Kd4 77. h5 Rd8 78. Kg3 1/2-1/2